 Dungeon Crawl Stone Soup version 0.32-a0-859-gb0a091d592 (webtiles) character file.

Game seed: 14121788776245466449

1528 GoldenjunoSP the Vexing (level 8, -1/56 (61) HPs)
             Began as a Gnoll Hexslinger on Mar 27, 2024.
             Was an Elder of Zin.
             Slain by a sky beast (3 damage)
             ... on level 5 of the Dungeon.
             The game lasted 00:42:21 (6404 turns).

GoldenjunoSP the Vexing (Gnoll Hexslinger)          Turns: 6404, Time: 00:42:21

HP:   -1/56 (61)    AC:  7    Str:  8    XL:     8   Next: 85%
MP:   15/15         EV: 14    Int: 14    God:    Zin [****..]
Gold: 50            SH:  0    Dex: 15    Spells: 5/16 levels left

rFire   . . .        d - +2 hand axe (venom)
rCold   . . .        (no shield)
rNeg    . . .        c - +0 robe
rPois   .            (no helmet)
rElec   .            (no cloak)
rCorr   .            (no gloves)
SInv    .            n - +0 pair of boots
Will    +....        (no amulet)
Stlth   +++          e - +4 ring of protection
HPRegen 0.29/turn    l - ring of willpower
MPRegen 0.14/turn

%: no passive effects
@: drained
A: fangs 1, strong nose, distributed training, wild magic 1
a: Renounce Religion, Recite, Vitalisation, Imprison, Donate Gold


You were on level 5 of the Dungeon.
You worshipped Zin.
Zin was greatly pleased with you.
You visited 2 branches of the dungeon, and saw 8 of its levels.

You collected 343 gold pieces.
You spent 70 gold pieces at shops.
You donated 223 gold pieces to Zin.

Inventory:

Hand Weapons
 a - a +1 sling
 d - a +2 hand axe of venom (weapon)
 g - a +0 antimagic dagger
 m - a +3 trident
 p - a +0 orcbow
Armour
 b - an orb of guile
 c - a +0 robe (worn)
 n - a +0 pair of boots (worn)
Magical Staves
 u - a staff of fire
Jewellery
 e - a +4 ring of protection (left hand)
 l - a ring of willpower (right hand)
 o - a ring of resist corrosion
Talismans
 v - a maw talisman
Scrolls
 f - a scroll of noise
 h - a scroll of fog
 s - a scroll of amnesia
Potions
 i - 2 potions of curing (quivered)
 j - 2 potions of enlightenment
 k - a potion of might


   Skills:
 + Level 4.6 Fighting
 + Level 3.7 Short Blades
 + Level 3.7 Long Blades
 + Level 3.7 Axes
 + Level 3.7 Maces & Flails
 + Level 3.7 Polearms
 + Level 3.7 Staves
 + Level 6.0 Ranged Weapons
 + Level 3.7 Throwing
 + Level 3.7 Armour
 + Level 6.0 Dodging
 + Level 3.7 Stealth
 + Level 3.7 Shields
 + Level 3.7 Unarmed Combat
 + Level 4.7 Spellcasting
 + Level 3.1 Conjurations
 + Level 6.3 Hexes
 + Level 3.1 Summonings
 + Level 3.1 Necromancy
 + Level 3.1 Translocations
 + Level 3.8 Fire Magic
 + Level 3.1 Ice Magic
 + Level 3.1 Air Magic
 + Level 3.1 Earth Magic
 + Level 3.1 Alchemy
 + Level 4.1 Invocations
 + Level 3.7 Evocations
 + Level 3.4 Shapeshifting


You had 5 spell levels left.
You knew the following spells:

 Your Spells              Type           Power      Damage    Failure   Level
a - Apportation           Tloc           30%        N/A       8%          1
b - Sting                 Conj/Alch      60%        1d6       8%          1
c - Summon Small Mammal   Summ           60%        N/A       8%          1
d - Jinxbite              Hex            54%        N/A       3%          2
e - Sigil of Binding      Hex            27%        N/A       7%          3
f - Inner Flame           Hex/Fire       22%        N/A       11%         3

Your spell library contained the following spells:

 Spells                   Type           Power      Damage    Failure   Level
 Necrotise                Necr           60%        1d7       8%          1
 Mercury Vapours          Alch/Air       30%        N/A       12%         2
 Cause Fear               Hex            13%        N/A       19%         4
 Dimensional Bullseye     Hex/Tloc       10%        N/A       34%         4
 Olgreb's Toxic Radiance  Alch           15%        N/A       54%         4


Dungeon Overview and Level Annotations

Branches:
Dungeon (7/15)             Temple (1/1) D:4

Altars:
Ashenzari
Cheibriados
Dithmenos
Fedhas
Gozag
Hepliaklqana
Makhleb
Okawaru
Qazlal
Ru
Sif Muna
Trog
Uskayaw
Vehumet
Wu Jian
Xom
Yredelemnul
Zin
The Shining One

Shops:
D:1 =   D:4 ([!   D:6 [

Annotations:
D:6 Jeremiah


Innate Abilities, Weirdness & Mutations

You have very sharp teeth.
Your uncanny sense of smell can sniff out nearby items.
Your experience applies equally to all skills.
Your spells are a little harder to cast, but a little more powerful.


Message History

Something hits you. Something shocks you.
There is a stone staircase leading up here.
You closely miss something. Something hits you.
* * * LOW HITPOINT WARNING * * *
Something shocks you.
* * * LOW HITPOINT WARNING * * *
Reactivating autopickup.
A sky beast appears from thin air!
The sky beast closely misses you.
You climb upwards.
Level annotation: Jeremiah
There is a stone staircase leading down here.
The sentinel's mark upon you fades away.
The sky beast attacks as it pursues you!
The sky beast barely misses you.
You open the door. The sky beast closely misses you.
The sky beast attacks as it pursues you!
The sky beast closely misses you.
There is an open door here.
The sky beast flickers out of sight!
Deactivating autopickup; reactivate with Ctrl-A.
There is a stone staircase leading up here.
Something hits you.
* * * LOW HITPOINT WARNING * * *
Something shocks you.
* * * LOW HITPOINT WARNING * * *
You climb upwards.
Reactivating autopickup.
There is a stone staircase leading down here.
Deactivating autopickup; reactivate with Ctrl-A.
You barely miss something. Your bite misses something.
Something barely misses you.
You feel your willpower return. Something hits you.
* * * LOW HITPOINT WARNING * * *
Something shocks you.
* * * LOW HITPOINT WARNING * * *
You closely miss something. You bite something.
Something hits you but does no damage. Something hits you.
You die...

.....# ####.....##
.....####.........#
..........#.......#
.....######.......#
.....### ##.....##
...[...### ##...##
...).#...# ###.#
########.# #.##
.........######.@#
########)........#
##.######## ###
#...##
..#########..#
..)).........#
...########### ..##
..#


There were no monsters in sight!

Vanquished Creatures
  A water moccasin (D:5)
  An orc warrior (D:6)
  A sky beast (D:7)
  An ice beast (D:6)
  A black bear (D:6)
  2 ogres (D:5)
  2 phantoms (D:4)
  A bullfrog (D:7)
  2 scorpions (D:5)
  A bombardier beetle (D:6)
  A hound (D:4)
  3 orc priests (D:5)
  2 sleepcaps
  Jessica (D:2)
  Terence (D:2)
  An iguana (D:5)
  3 orc wizards
  5 gnolls
  6 adders
  2 shadow imps
  A white imp (D:6)
  A ribbon worm (D:4)
  3 dart slugs
  14 orcs
  2 endoplasms
  3 giant cockroaches
  6 goblins (D:1)
  5 hobgoblins
  4 jackals (D:1)
  2 quokkas (D:1)
  5 ball pythons
  2 bats (D:2)
  2 frilled lizards (D:1)
  6 kobolds
  8 rats
102 creatures vanquished.

Vanquished Creatures (others)
  An ice beast (D:7)
1 creature vanquished.

Grand Total: 103 creatures vanquished

Notes
Turn   | Place    | Note
-------+----------+-------------------------------------------
     0 | D:1      | GoldenjunoSP the Gnoll Hexslinger began the quest for the
                  | Orb.
     0 | D:1      | Reached XP level 1. HP: 17/17 MP: 4/4
    29 | D:1      | Learned a level 1 spell: Apportation
    31 | D:1      | Learned a level 1 spell: Sting
   124 | D:1      | Learned a level 1 spell: Summon Small Mammal
   265 | D:1      | Reached XP level 2. HP: 14/23 MP: 1/5
   430 | D:1      | Reached XP level 3. HP: 28/28 MP: 5/7
   482 | D:1      | Reached skill level 1 in Invocations
   591 | D:1      | Learned a level 2 spell: Jinxbite
   639 | D:1      | Found Pise's Jewellery Emporium.
   856 | D:1      | Reached skill level 1 in Short Blades
   856 | D:1      | Reached skill level 1 in Long Blades
   856 | D:1      | Reached skill level 1 in Axes
   856 | D:1      | Reached skill level 1 in Maces & Flails
   856 | D:1      | Reached skill level 1 in Polearms
   856 | D:1      | Reached skill level 1 in Staves
   856 | D:1      | Reached skill level 1 in Throwing
   856 | D:1      | Reached skill level 1 in Armour
   856 | D:1      | Reached skill level 1 in Stealth
   856 | D:1      | Reached skill level 1 in Shields
   856 | D:1      | Reached skill level 1 in Unarmed Combat
   856 | D:1      | Reached skill level 1 in Evocations
  1107 | D:2      | Found a faded altar of an unknown god.
  1113 | D:2      | Noticed Jessica
  1122 | D:2      | Killed Jessica
  1123 | D:2      | Reached skill level 1 in Conjurations
  1123 | D:2      | Reached skill level 1 in Summonings
  1123 | D:2      | Reached skill level 1 in Necromancy
  1123 | D:2      | Reached skill level 1 in Translocations
  1123 | D:2      | Reached skill level 1 in Ice Magic
  1123 | D:2      | Reached skill level 1 in Air Magic
  1123 | D:2      | Reached skill level 1 in Earth Magic
  1123 | D:2      | Reached skill level 1 in Alchemy
  1123 | D:2      | Reached skill level 1 in Shapeshifting
  1123 | D:2      | Reached XP level 4. HP: 30/34 MP: 5/8
  1140 | D:2      | Prayed at the altar of an unknown god.
  1140 | D:2      | Became a worshipper of Zin the Law-Giver
  1140 | D:2      | Reached * piety under Zin
  1257 | D:2      | Noticed Terence
  1258 | D:2      | Gained mutation: You are partially covered in large bone
                  | plates. (SH +4) [potion of mutation]
  1258 | D:2      | Lost mutation: You are partially covered in large bone
                  | plates. (SH +4) [potion of mutation]
  1258 | D:2      | Gained mutation: Your spells are a little harder to cast,
                  | but a little more powerful. [potion of mutation]
  1268 | D:2      | Killed Terence
  1396 | D:2      | Reached XP level 5. HP: 40/40 MP: 9/9
  1412 | D:2      | Reached ** piety under Zin
  1417 | D:2      | Learned a level 3 spell: Sigil of Binding
  1724 | D:3      | Found a shimmering altar of Xom.
  1729 | D:3      | Found a basalt altar of Yredelemnul.
  1761 | D:3      | Donated 64 gold pieces to Zin
  1815 | D:3      | Found an opulent altar of Gozag.
  1819 | D:3      | Found an opulent altar of Gozag.
  1819 | D:3      | Found an opulent altar of Gozag.
  1820 | D:3      | Reached *** piety under Zin
  1837 | D:3      | Found an opulent altar of Gozag.
  2308 | D:4      | Noticed a phantom
  2326 | D:4      | Killed a phantom
  2482 | D:4      | Found a staircase to the Ecumenical Temple.
  2498 | Temple   | Entered the Ecumenical Temple
  2722 | D:4      | Reached XP level 6. HP: 47/47 MP: 7/11
  2974 | D:4      | Reached skill level 5 in Ranged Weapons
  2974 | D:4      | Reached skill level 5 in Dodging
  3083 | D:4      | Found Zimiovai's Antique Weapon Shoppe.
  3132 | D:4      | Donated 73 gold pieces to Zin
  3285 | D:4      | Found Nymnu Rut's Distillery.
  3291 | D:4      | Bought a potion of heal wounds for 70 gold pieces
  3339 | D:4      | Found Dorout Xuhosh's Armour Shop.
  3655 | D:5      | Entered Level 5 of the Dungeon
  3751 | D:5      | Reached XP level 7. HP: 52/52 MP: 9/12
  3969 | D:5      | Reached **** piety under Zin
  4220 | D:5      | Reached XP level 8. HP: 38/60 MP: 10/14
  4225 | D:5      | Found a shimmering blue altar of Sif Muna.
  4714 | D:6      | Noticed Jeremiah
  5050 | D:6      | HP: 2/60 [orc warrior/+0 flail (9)]
  5051 | D:6      | Zin protects you from harm!
  5303 | D:6      | Found Nafrapah's Antique Armour Shoppe.
  6105 | D:7      | Learned a level 3 spell: Inner Flame
  6365 | D:7      | Donated 52 gold pieces to Zin
  6402 | D:5      | HP: 1/56 [something (6)]
  6404 | D:5      | Slain by a sky beast

Illustrated notes

Levels and vault maps discovered:
D:1:      heliophobic_arrival_ceremonial_halls, layout_loops_cross,
          serial_shops, nicolae_shop_gaudy_bauble, minmay_split_cup_large
D:2:      layout_rooms, hellmonk_ecumenical_altar_arch_garden, uniq_jessica,
          uniq_terence
D:3:      layout_loops_ring, nicolae_gozag_conspicuous_consumption,
          nicolae_overflow_squiral, nrook_mini_vaults,
          nicolae_elevator_lobby_plus
D:4:      layout_basic, minmay_temple_entry_offerings, serial_shops, shop, shop,
          shop
D:5:      layout_rooms, overflow_temple_1_default
D:6:      layout_basic, serial_shops, shop, kennysheep_generic_room_11,
          uniq_jeremiah
D:7:      layout_rooms, serial_rivers, chequers_serial_rivers_room_a,
          chequers_serial_rivers_small_3, chequers_serial_rivers_room_b,
          chequers_serial_rivers_large_b, chequers_serial_rivers_small_b,
          chequers_serial_rivers_room_a, lemuel_flamethrower_1
Temple:   nicolae_temple_superstar

Skill      XL: |  1  2  3  4  5  6  7  8 |
---------------+-------------------------+-----
Fire Magic     | 2 3 |  3.8
Invocations    | 1 2 3 4 |  4.1
Short Blades   | 1 2 3 |  3.7
Long Blades    | 1 2 3 |  3.7
Axes           | 1 2 3 |  3.7
Maces & Flails | 1 2 3 |  3.7
Polearms       | 1 2 3 |  3.7
Staves         | 1 2 3 |  3.7
Throwing       | 1 2 3 |  3.7
Armour         | 1 2 3 |  3.7
Stealth        | 1 2 3 |  3.7
Shields        | 1 2 3 |  3.7
Unarmed Combat | 1 2 3 |  3.7
Evocations     | 1 2 3 |  3.7
Spellcasting   | 3 4 |  4.7
Conjurations   | 1 2 3 |  3.1
Summonings     | 1 2 3 |  3.1
Necromancy     | 1 2 3 |  3.1
Translocations | 1 2 3 |  3.1
Ice Magic      | 1 2 3 |  3.1
Air Magic      | 1 2 3 |  3.1
Earth Magic    | 1 2 3 |  3.1
Alchemy        | 1 2 3 |  3.1
Shapeshifting  | 1 2 3 |  3.4
Fighting       | 3 4 |  4.6
Ranged Weapons | 5 6 |  6.0
Dodging        | 5 6 |  6.0
Hexes          | 6 |  6.3

Action                     |  1- 3 |  4- 6 |  7- 9 || total
---------------------------+-------+-------+-------++-------
  Melee: Hand axe          |     8 |    17 |    75 ||   100
         Bite              |     1 |     3 |    16 ||    20
         Trident           |       |       |    12 ||    12
         Sling             |       |       |     2 ||     2
   Fire: Sling             |    65 |   120 |   121 ||   306
         Orcbow            |       |       |    35 ||    35
   Cast: Sting             |    19 |     4 |       ||    23
         Jinxbite          |     2 |     9 |    14 ||    25
         Summon Small Mamm |       |       |     3 ||     3
         Sigil of Binding  |       |       |     2 ||     2
         Apportation       |       |       |     1 ||     1
         Inner Flame       |       |       |     1 ||     1
 Invoke: Donate Gold       |       |     2 |     1 ||     3
    Use: Scroll            |     2 |     2 |     5 ||     9
         Potion            |     2 |     1 |     7 ||    10
 Armour: Robe              |    27 |    65 |   152 ||   244
  Dodge: Dodged            |    27 |    51 |   149 ||   227

Table legend: (Time is in decaauts)
 A = Elapsed time spent in this place.
 B = Non-inter-level travel time spent in this place.
 C = Inter-level travel time spent in this place.
 D = Time resting spent in this place.
 E = Time spent auto-exploring this place.
 F = Levels seen in this place.
 G = Mean time per level.
                   A        B        C        D        E       F      G
               +--------+--------+--------+--------+--------+-----+--------+
         Total |   6442 |   6026 |    416 |      0 |   3434 |   8 |  805.2 |
       Dungeon |   6297 |   5881 |    416 |      0 |   3434 |   7 |  899.6 |
        Temple |    145 |    145 |      0 |      0 |      0 |   1 |  145.0 |
               +--------+--------+--------+--------+--------+-----+--------+

Top non-repeatable levels by time:
     D:5: 1750 daAuts
     D:4: 1212 daAuts
     D:1: 1055 daAuts
     D:6: 705 daAuts
     D:3: 696 daAuts
     D:2: 573 daAuts
     D:7: 304 daAuts
  Temple: 145 daAuts
